 Dungeon Crawl Stone Soup version 0.28-a0-1389-gc726bef33b (webtiles) character file.

Game seed: 13578185740560275091

354 rogsnak the Conjurer (level 6, -5/41 HPs)
             Began as a Demonspawn Air Elementalist on Jan 3, 2022.
             Slain by Duvessa (13 damage)
             ... on level 4 of the Dungeon.
             The game lasted 00:08:14 (3950 turns).

rogsnak the Conjurer (Demonspawn Air Elementalist)  Turns: 3950, Time: 00:08:15

Health: -5/41      AC:  5    Str:  8    XL:     6   Next: 35%
Magic:  3/11       EV: 12    Int: 18    God:
Gold:   125        SH:  0    Dex: 14    Spells: 4/12 levels left

rFire   + . .      SeeInvis .   u - +3 flail of Joas {drain, rF+ rC+ rCorr}
rCold   + . .      Faith    .   (no shield)
rNeg    . . .      Spirit   .   j - +2 robe
rPois   .          Reflect  .   (helmet restricted)
rElec   .          Harm     .   (no cloak)
rCorr   +          Rampage  .   r - +0 pair of gloves
Will    .....                   (no boots)
Stlth   ++........              (no amulet)
HPRegen 0.13/turn               (no ring)
MPRegen 0.12/turn               (no ring)

@: no status effects
A: hooves 1, horns 1, demonic guardian 1, demonic magic 1
a: no special abilities


You were on level 4 of the Dungeon.
You visited 1 branch of the dungeon, and saw 4 of its levels.

You collected 125 gold pieces.

Inventory:

Hand Weapons
 o - a +1 halberd of flaming
 u - the +3 flail of Joas (weapon) {drain, rF+ rC+ rCorr}
   (You found it on level 3 of the Dungeon)

   A truly terrible weapon, it drains the life of any living foe it strikes.
   rF:        It protects you from fire.
   rC:        It protects you from cold.
   rCorr:     It protects you from acid and corrosion.
Missiles
 b - 12 poisoned darts
 k - 2 javelins
Armour
 a - a +0 robe
 j - a +2 robe (worn)
 r - a +0 pair of gloves (worn)
Scrolls
 c - 4 scrolls of identify {unknown}
 g - a scroll of immolation {unknown}
 h - a scroll of amnesia {unknown}
 m - 2 scrolls of vulnerability {unknown}
 n - a scroll of silence {unknown}
 s - a scroll of fear {unknown}
Potions
 d - 2 potions of heal wounds {unknown}
 e - a potion of ambrosia {unknown}
 f - 2 potions of brilliance
 i - a potion of berserk rage {unknown}
 l - a potion of might {unknown}
 q - a potion of curing {unknown}


   Skills:
 + Level 0.1 Fighting
 + Level 1.9 Dodging
 - Level 1.7 Stealth
 + Level 3.5 Spellcasting
 * Level 4.3 Conjurations
 + Level 4.1 Air Magic


You had 4 spell levels left.
You knew the following spells:

 Your Spells              Type           Power      Damage    Failure   Level
a - Shock                 Conj/Air       72%        1d7       2%          1
b - Swiftness             Air            18%        N/A       9%          3
c - Airstrike             Air            9%         N/A       28%         4

Your spell library contained the following spells:

 Spells                   Type           Power      Damage    Failure   Level
 Static Discharge         Conj/Air       18%        N/A       4%          2
 Corpse Rot               Necr/Air       20%        N/A       10%         2
 Poisonous Vapours        Pois/Air       20%        N/A       10%         2


Dungeon Overview and Level Annotations

Branches:
Dungeon (4/15)
 Temple: D:4-7

Altars:
Ashenzari

Annotations:
D:4 Duvessa


Innate Abilities, Weirdness & Mutations

You have large cloven feet.
You have a pair of small horns on your head.
A weak demonic guardian rushes to your aid.
Spells you cast may paralyse adjacent enemies.


Message History

Press: ? - help, Shift-Dir - straight line The zap hits Duvessa.
Duvessa is heavily wounded.
The zap hits Duvessa.
Duvessa is heavily wounded.
Malevolent energies surge around you.
Your shadow imp hits Duvessa but does no damage.
Casting: Shock (safe; 2% risk of failure)
Confirm with . or Enter, or press ? or * to list all spells.
Aiming: Shock (safe; 2% risk of failure)
Press: ? - help, Shift-Dir - straight line The zap hits Duvessa.
Duvessa is severely wounded.
The zap hits Duvessa.
Duvessa is severely wounded.
Malevolent energies surge around you.
Duvessa is no longer paralysed.
Duvessa hits you with a +0 rapier! x2
* * * LOW HITPOINT WARNING * * *
Your shadow imp hits Duvessa.
Casting: Shock (safe; 2% risk of failure)
Confirm with . or Enter, or press ? or * to list all spells.
Aiming: Shock (safe; 2% risk of failure)
Press: ? - help, Shift-Dir - straight line The zap hits Duvessa.
Duvessa is severely wounded.
The zap hits Duvessa.
Duvessa is almost dead.
Malevolent energies surge around you. Duvessa hits you with a +0 rapier.
* * * LOW HITPOINT WARNING * * *
Your shadow imp closely misses Duvessa.
Unknown command.
Casting: Shock (safe; 2% risk of failure)
Confirm with . or Enter, or press ? or * to list all spells.
Aiming: Shock (safe; 2% risk of failure)
Press: ? - help, Shift-Dir - straight line The zap hits Duvessa.
Duvessa is almost dead.
The zap misses Duvessa.
Malevolent energies surge around you. Duvessa hits you with a +0 rapier!
You die...

#..........#.#
####.###†#.#.#
#.# #.#.#)# ..#
#.#.#.#
######.#.#.#
#...#.#.#.##
...........#
#......)...###
##.###...5.@..#
.....>...#e.#.#
##.###......#.#
#...#^.# #
#...#..#
#...#..#.#
#.###........#
#..........###
##....#.#.##


You could see Duvessa (berserk, ally target) and a friendly shadow imp
(summoned).

Vanquished Creatures
  An ogre (D:4)
  Dowan (D:4)
  An orc wizard (D:3)
  6 gnolls
  6 adders
  2 worms (D:3)
  3 dart slugs (D:1)
  3 orcs (D:3)
  7 ball pythons
  2 bats
  5 endoplasms
  4 giant cockroaches
  4 goblins
  8 hobgoblins
  6 jackals
  3 quokkas
  6 frilled lizards
  4 kobolds
  6 rats
78 creatures vanquished.

Vanquished Creatures (collateral kills)
  A hobgoblin (D:1)
1 creature vanquished.

Vanquished Creatures (others)
  2 plants (D:4)
2 creatures vanquished.

Grand Total: 81 creatures vanquished

Notes
Turn   | Place    | Note
-------+----------+-------------------------------------------
     0 | D:1      | rogsnak the Demonspawn Air Elementalist began the quest for
                  | the Orb.
     0 | D:1      | Reached XP level 1. HP: 13/13 MP: 3/3
   425 | D:1      | Gained mutation: A weak demonic guardian rushes to your
                  | aid. [demonic ancestry]
   425 | D:1      | Reached XP level 2. HP: 13/19 MP: 0/5
  1218 | D:1      | Gained mutation: Spells you cast may paralyse adjacent
                  | enemies. [demonic ancestry]
  1218 | D:1      | Reached XP level 3. HP: 24/24 MP: 3/6
  1784 | D:1      | Discovered your monstrous ancestry.
  1784 | D:1      | Gained mutation: You have a pair of small horns on your
                  | head. [demonic ancestry]
  1784 | D:1      | Reached XP level 4. HP: 16/30 MP: 2/7
  2688 | D:3      | Gained mutation: You have large cloven feet. [demonic
                  | ancestry]
  2688 | D:3      | Reached XP level 5. HP: 35/35 MP: 3/9
  2829 | D:3      | Found a broken altar of Ashenzari.
  3292 | D:3      | Identified the +3 flail of Joas {drain, rF+ rC+ rCorr}
  3662 | D:4      | Learned a level 3 spell: Swiftness
  3668 | D:4      | Learned a level 4 spell: Airstrike
  3695 | D:4      | Noticed an ogre
  3727 | D:4      | Killed an ogre
  3728 | D:4      | Reached XP level 6. HP: 41/41 MP: 4/11
  3827 | D:4      | Noticed Dowan
  3853 | D:4      | Killed Dowan
  3935 | D:4      | Noticed Duvessa
  3950 | D:4      | Slain by Duvessa

Illustrated notes

Levels and vault maps discovered:
D:1:      scummos_arrival_simple_fountains, layout_loops_cross, hex_medium
D:2:      layout_rooms, eino_curves_01
D:3:      minmay_general_purpose_star, layout_basic, cheibrodos_ashenzari_chains
D:4:      layout_loops_ring, mainiacjoe_overflow_chevrons,
          kennysheep_slug_shrine, grunt_tough_drop, uniq_duvessa, uniq_natasha,
          uniq_eustachio, uniq_ijyb

Skill      XL: |  1  2  3  4  5 |
---------------+----------------+-----
Air Magic      | 3 4 |  4.1
Conjurations   | 2 3 4 |  4.3
Spellcasting   | 3 |  3.5
Fighting       | |  0.1
Dodging        | |  1.9
Stealth        | |  1.7

Action                   |  1- 3 |  4- 6 || total
-------------------------+-------+-------++-------
Melee: Whip              |    24 |     2 ||    26
       Unarmed           |     7 |       ||     7
       Spear             |       |     2 ||     2
       Headbutt          |       |     1 ||     1
       Halberd           |       |     1 ||     1
       Kick              |       |     1 ||     1
       Flail             |       |     2 ||     2
 Cast: Shock             |    69 |   112 ||   181
 Stab: Paralysed         |       |     2 ||     2
Armor: Robe              |     9 |       ||     9
Dodge: Dodged            |    30 |     9 ||    39

Table legend: (Time is in decaauts)
 A = Elapsed time spent in this place.
 B = Non-inter-level travel time spent in this place.
 C = Inter-level travel time spent in this place.
 D = Time resting spent in this place.
 E = Time spent auto-exploring this place.
 F = Levels seen in this place.
 G = Mean time per level.
                   A        B        C        D        E       F      G
               +--------+--------+--------+--------+--------+-----+--------+
         Total |   3953 |   3844 |    109 |    643 |   2505 |   4 |  988.2 |
       Dungeon |   3953 |   3844 |    109 |    643 |   2505 |   4 |  988.2 |
               +--------+--------+--------+--------+--------+-----+--------+

Top non-repeatable levels by time:
     D:1: 1727 daAuts
     D:3: 1090 daAuts
     D:2: 820 daAuts
     D:4: 314 daAuts
